 Dungeon Crawl Stone Soup version 0.26.1-2-gb8aa6d0cf2 (webtiles) character file.

Game seed: 3669329665462647370

39330 Gadfly the Cleaver (level 14, -3/119 HPs)
             Began as a Formicid Abyssal Knight on Feb 10, 2021.
             Was a High Priest of Lugonu.
             Slain by a white ugly thing (6 damage)
             ... while petrified by a catoblepas
             ... in an ice cave.
             The game lasted 00:37:41 (24002 turns).

Gadfly the Cleaver (Formicid Abyssal Knight)       Turns: 24002, Time: 00:37:41

Health: -3/119     AC: 24    Str: 21    XL:     14   Next: 39%
Magic:  21/22      EV:  2    Int: 14    God:    Lugonu [*****.]
Gold:   1044       SH:  0    Dex: 11    Spells: 13/13 levels left

rFire    + + .     SeeInvis +   a - +0 battleaxe
rCold    . . .     Faith    +   E - +0 kite shield
rNeg     + + +     Spirit   .   G - +3 plate armour {rPois}
rPois    ∞         Reflect  .   (helmet unavailable)
rElec    .         Harm     .   t - +0 cloak
rCorr    .         Rampage  .   n - +0 pair of gloves (curse)
Will     +....                  L - +0 pair of boots
Stlth    ..........             h - amulet of faith
HPRegen  0.29/turn              q - +4 ring of evasion
MPRegen  0.18/turn              (no ring)

@: petrified
A: permanent stasis, dig shafts and tunnels, four strong arms, antennae 3,
talons 1, repulsion field 1, molten scales 1, fire resistance 2, robust 1,
strong 1, wild magic 1, evolution 1
a: Dig, Renounce Religion, Depart the Abyss, Bend Space, Banish, Corrupt, Enter
the Abyss


You were in an ice cave.
You worshipped Lugonu.
Lugonu was extremely pleased with you.
You visited 2 branches of the dungeon, and saw 15 of its levels.
You visited the Abyss 1 time.
You also visited: Ossuary and Ice Cave.

You collected 1275 gold pieces.
You spent 231 gold pieces at shops.

Inventory:

Hand Weapons
 a - a +0 battleaxe (weapon)
 b - a +1 short sword of venom
 r - a +6 vorpal morningstar
 s - a +3 quarterstaff of chaos
 H - a +3 whip of freezing
Armour
 n - a cursed +0 pair of gloves (worn)
 t - a +0 cloak (worn)
 E - a +0 kite shield (worn)
 G - a +3 plate armour of poison resistance (worn)
 L - a +0 pair of boots (worn)
Jewellery
 h - an amulet of faith (around neck)
 k - an uncursed amulet of guardian spirit
 q - a +4 ring of evasion (left hand)
 D - an uncursed amulet of reflection {unknown}
Wands
 c - a wand of enslavement (13)
 w - a wand of flame (28) (quivered)
 y - a wand of polymorph (9)
 I - a wand of disintegration (12)
 K - a wand of iceblast (10)
 M - a wand of random effects (16)
Scrolls
 d - 6 scrolls of enchant armour
 g - 9 scrolls of remove curse
 l - 4 scrolls of fear
 m - 2 scrolls of magic mapping
 o - 2 scrolls of fog
 B - 2 scrolls of enchant weapon
 J - a scroll of holy word
Potions
 e - 7 potions of curing
 f - a potion of might
 j - 2 potions of attraction
 p - a potion of mutation
 u - a potion of cancellation
 v - a potion of flight
 x - 2 potions of resistance
 z - a potion of ambrosia
 A - a potion of lignification
Miscellaneous
 F - a phantom mirror


   Skills:
 + Level 9.8 Fighting
 * Level 12.6 Axes
 + Level 10.6 Armour
 - Level 0.8 Dodging
 + Level 11.3 Shields
 + Level 10.8 Invocations
 + Level 10.3 Evocations


You had 13 spell levels left.
You didn't know any spells.
Your spell library contained the following spells:

 Spells                   Type           Power        Failure   Level
 Shock                    Conj/Air       0%           99%         1
 Summon Small Mammal      Summ           0%           99%         1
 Call Imp                 Summ           0%           100%        2
 Corpse Rot               Necr/Air       N/A          100%        2
 Call Canine Familiar     Summ           0%           100%        3
 Stone Arrow              Conj/Erth      0%           100%        3
 Summon Guardian Golem    Hex/Summ       0%           100%        3
 Summon Ice Beast         Ice/Summ       0%           100%        4
 Summon Lightning Spire   Summ/Air       0%           100%        4
 Summon Forest            Summ/Tloc      0%           100%        5
 Eringya's Noxious Bog    Tmut/Pois      0%           100%        6
 Freezing Cloud           Conj/Ice/Air   0%           100%        6
 Hydra Form               Tmut           0%           100%        6
 Iron Shot                Conj/Erth      0%           100%        6
 Spellforged Servitor     Conj/Summ      0%           100%        7
 Summon Hydra             Summ           0%           100%        7


Dungeon Overview and Level Annotations

Branches:
Dungeon (10/15)            Temple (0/1) D:6            Lair (5/6) D:9
 Shoals (0/4) Lair:2        Snake (0/4) Lair:3          Orc (0/2) D:9
Ossuary (visited)           IceCv (1/1)
  Slime: Lair:5-6

Altars:
Dithmenos
Elyvilon
Fedhas
Gozag
Hepliaklqana
Nemelex Xobeh
Ru
Sif Muna
Trog
Uskayaw
Vehumet
Xom
Yredelemnul
Zin
The Shining One

Shops:
D:4 }   D:7 !

Annotations:
Abyss:1 Sonja


Innate Abilities, Weirdness & Mutations

You cannot be hasted, slowed, berserked, paralysed or teleported.
You can dig through walls and to a lower floor.
Your four strong arms can wield two-handed weapons with a shield.
You have a pair of large antennae on your head. (SInv)
You have sharp toenails.
You are surrounded by a mild repulsion field. (EV +2)
You are partially covered in molten scales. (AC +2)
Your flesh is very heat resistant. (rF++)
You are robust. (+10% HP)
Your muscles are strong. (Str +2)
Your spells are a little harder to cast, but a little more powerful.
You evolve.


Message History

Your ice beast freezes the ice beast.
The ice beast completely resists.
The ice beast is no longer encased in ice.
Your rime drake breathes ice at the ice beast.
The flash freeze hits the ice beast!
The ice beast partially resists.
The ice beast is flash-frozen.
The ice beast misses your rime drake.
The white ugly thing headbutts you but does no damage.
The ice beast hits you but does no damage.
The ice beast barely misses your ice beast.
The ice beast hits you.
* * * LOW HITPOINT WARNING * * *
The ice beast freezes you!
* * * LOW HITPOINT WARNING * * *
The ice beast hits you but does no damage. x2
Your white imp hits the ice beast.
Your white imp freezes the ice beast.
The ice beast completely resists.
Your rime drake bites the ice beast.
Your ice beast closely misses the ice beast.
The ice beast misses your rime drake. The white ugly thing headbutts you!
* * * LOW HITPOINT WARNING * * *
The white ugly thing freezes you!
You die...

#...[.?.)...#
##....[©?....##
#....../......#
#....8...8....#
#.............#
#...........#
#....YuY....#
#...YY@YY...#
##...k.Y5..##
##...∩...##
##.....##
#######


You could see a white ugly thing, 6 ice beasts, a friendly rime drake (summoned,
catching breath), a friendly ice beast (summoned) and a friendly white imp
(summoned).

Vanquished Creatures
  Gastronok (Lair:2)
  Harold (Lair:1)
  6 hydras
  A boulder beetle (Lair:5)
  A catoblepas (Lair:3)
  5 death yaks (Lair:3)
  A queen ant (Lair:2)
  An unseen horror (D:10)
  Pikel (D:7)
  A harpy (D:9)
  A lindwurm (Lair:2)
  9 elephants
  A black mamba (Lair:5)
  3 cane toads
  Psyche (D:8)
  A centaur skeleton (D:9)
  5 komodo dragons
  2 rime drakes (Lair:4)
  A meliai (shapeshifter) (D:9)
  A polar bear (Lair:5)
  A troll (D:9)
  Grinder (D:5)
  15 blink frogs
  Sigmund (D:5)
  10 wyverns
  6 basilisks
  25 yaks
  Menkaure (D:6)
  3 nagas (Lair:3)
  5 soldier ants (Lair:2)
  Duvessa (D:5)
  4 orc warriors
  9 water moccasins
  4 black bears
  4 sky beasts
  3 ice beasts
  A necrophage (D:8)
  A phantom (D:9)
  5 centaurs
  3 wolves (Lair:2)
  3 ogres
  A big kobold (D:9)
  4 lemures (D:7)
  7 bullfrogs
  A wyvern zombie (D:9)
  Dowan (D:5)
  A water moccasin zombie (D:9)
  2 scorpions
  4 killer bees (D:8)
  4 wights (D:9)
  3 howler monkeys
  An electric eel (Lair:3)
  2 centaur zombies
  A bullfrog zombie (D:9)
  2 quasits (D:7)
  5 hounds
  3 jellies
  3 orc wizards
  2 bullfrog skeletons
  Crazy Yiuf (D:5)
  3 iguanas
  8 hell rats
  15 worker ants
  A killer bee zombie (D:9)
  A big kobold zombie (Ossuary)
  A hound zombie (D:6)
  2 mummies (Ossuary)
  2 howler monkey zombies (D:5)
  A worker ant zombie (D:9)
  7 gnolls
  7 adders
  4 shadow imps
  4 white imps
  2 ufetubi
  2 oozes
  3 worms
  4 dart slugs
  8 leopard geckos
  19 orcs
  A bat (D:1)
  5 giant cockroaches
  4 goblins
  6 hobgoblins
  10 jackals
  2 quokkas
  A frilled lizard (D:3)
  3 gnoll zombies (Ossuary)
  4 goblin zombies (Ossuary)
  3 hobgoblin zombies (Ossuary)
  A jackal zombie (D:6)
  9 kobolds
  2 orc zombies (Ossuary)
  2 quokka skeletons
  13 rats
358 creatures vanquished.

Vanquished Creatures (others)
  An adder skeleton (D:6)
  46 fungi
  74 plants
121 creatures vanquished.

Grand Total: 479 creatures vanquished

Notes
Turn   | Place    | Note
-------+----------+-------------------------------------------
     0 | Abyss:1  | Gadfly the Formicid Abyssal Knight began the quest for the
                  | Orb.
     0 | Abyss:1  | Reached XP level 1. HP: 18/18 MP: 2/2
    97 | Abyss:1  | Found a corrupted altar of Lugonu.
   121 | D:1      | Escaped the Abyss
   430 | D:1      | Reached XP level 2. HP: 22/24 MP: 3/3
   629 | D:1      | Reached skill level 1 in Shields
   682 | D:1      | Reached skill level 1 in Evocations
   891 | D:1      | Reached XP level 3. HP: 21/29 MP: 4/4
  1342 | D:2      | Reached ** piety under Lugonu
  1668 | D:2      | Reached XP level 4. HP: 31/35 MP: 5/5
  1934 | D:2      | Reached skill level 3 in Axes
  2127 | D:3      | Reached XP level 5. HP: 40/41 MP: 5/7
  2306 | D:3      | Found a shadowy altar of Dithmenos.
  2872 | D:3      | Found a glowing silver altar of Zin.
  3096 | D:3      | Found a glowing golden altar of the Shining One.
  3309 | D:4      | Found Cajuu's Gadget Emporium.
  3487 | D:4      | Found a shimmering blue altar of Sif Muna.
  3488 | D:4      | Noticed a bullfrog
  3504 | D:4      | Killed a bullfrog
  3505 | D:4      | Reached XP level 6. HP: 17/47 MP: 4/8
  4214 | D:4      | Reached XP level 7. HP: 52/52 MP: 9/9
  4376 | D:4      | Gained mutation: Your spells are a little harder to cast,
                  | but a little more powerful. [potion of mutation]
  4376 | D:4      | Gained mutation: Your flesh is heat resistant. (rF+)
                  | [potion of mutation]
  4376 | D:4      | Gained mutation: You evolve. [potion of mutation]
  4376 | D:4      | Gained mutation: You have sharp toenails. [potion of
                  | mutation]
  4410 | D:5      | Entered Level 5 of the Dungeon
  4423 | D:5      | Noticed Grinder
  4443 | D:5      | Reached *** piety under Lugonu
  4444 | D:5      | Reached skill level 4 in Axes
  4563 | D:5      | Found a shimmering altar of Xom.
  4664 | D:5      | Found an opulent altar of Gozag.
  4698 | D:5      | Found a sand-covered staircase.
  4721 | Ossuary  | Entered an ossuary
  5118 | D:5      | Killed Grinder
  5119 | D:5      | Reached XP level 8. HP: 46/58 MP: 10/10
  5280 | D:5      | Reached skill level 5 in Shields
  5313 | D:5      | Found a sacrificial altar of Ru.
  5398 | D:5      | Reached skill level 5 in Axes
  5505 | D:5      | Noticed a moth of wrath
  5507 | D:5      | Noticed Duvessa
  5507 | D:5      | Noticed Dowan
  5522 | D:5      | Killed Duvessa
  5538 | D:5      | Killed Dowan
  5685 | D:5      | Found a bloodstained altar of Trog.
  5696 | D:5      | Reached skill level 5 in Evocations
  5757 | D:5      | Found a blossoming altar of Fedhas.
  5879 | D:5      | Found a runed translucent door.
  5880 | D:5      | Noticed Crazy Yiuf
  5970 | D:5      | Noticed Sigmund
  5982 | D:5      | Killed Sigmund
  6124 | D:5      | Killed Crazy Yiuf
  6376 | D:6      | Reached XP level 9. HP: 52/64 MP: 12/12
  6623 | D:6      | Found a white marble altar of Elyvilon.
  6852 | D:6      | Reached **** piety under Lugonu
  6862 | D:6      | Found a staircase to the Ecumenical Temple.
  6874 | D:6      | Gained mutation: Your flesh is very heat resistant. (rF++)
                  | [evolution]
  6966 | D:6      | Noticed Menkaure
  6976 | D:6      | Killed Menkaure
  6977 | D:6      | Reached skill level 6 in Axes
  6977 | D:6      | Reached skill level 5 in Armour
  7354 | D:7      | Noticed a cyan ugly thing
  7365 | D:7      | Banished a cyan ugly thing
  7366 | D:7      | Reached skill level 5 in Invocations
  7594 | D:7      | Found Doeteepi's Distillery.
  7604 | D:7      | Bought a potion of resistance for 110 gold pieces
  7604 | D:7      | Bought a potion of ambrosia for 88 gold pieces
  7604 | D:7      | Bought a potion of lignification for 33 gold pieces
  7654 | D:7      | Found a sparkling altar of Nemelex Xobeh.
  7777 | D:7      | Noticed Pikel
  7802 | D:7      | Killed Pikel
  8113 | D:7      | Reached XP level 10. HP: 52/73 MP: 14/14
  8371 | D:7      | Reached skill level 7 in Axes
  8666 | D:7      | HP: 2/73 [sky beast (6)]
  9108 | D:8      | Found a shimmering altar of Xom.
  9115 | D:8      | Found a shimmering altar of Xom.
  9116 | D:8      | Found a shimmering altar of Xom.
  9116 | D:8      | Found a shimmering altar of Xom.
  9116 | D:8      | Found a shimmering altar of Xom.
  9117 | D:8      | Found a shimmering altar of Xom.
  9120 | D:8      | Found a shimmering altar of Xom.
  9120 | D:8      | Found a shimmering altar of Xom.
  9269 | D:8      | Reached skill level 5 in Fighting
  9723 | D:8      | Gained mutation: You are surrounded by a mild repulsion
                  | field. (EV +2) [evolution]
 10505 | D:8      | Found a basalt altar of Yredelemnul.
 10529 | D:8      | Noticed Psyche
 10536 | D:8      | Killed Psyche
 11211 | D:9      | Reached skill level 8 in Axes
 11426 | D:9      | Reached ***** piety under Lugonu
 11472 | D:9      | Gained mutation: You are partially covered in molten
                  | scales. (AC +2) [evolution]
 11474 | D:9      | Noticed a +0 hand axe
 11474 | D:9      | Noticed a +0 hand axe
 11579 | D:9      | Reached XP level 11. HP: 81/81 MP: 16/16
 11592 | D:9      | Found a hazy altar of Hepliaklqana.
 11594 | D:9      | Found a staircase to the Lair.
 11594 | D:9      | Noticed an elephant
 11624 | D:9      | Killed an elephant
 12343 | D:9      | Noticed a harpy
 12348 | D:9      | Killed a harpy
 12349 | D:9      | Reached skill level 9 in Axes
 12462 | D:9      | Identified the Papyrus of the Big Fish
 12630 | D:9      | Noticed a two-headed ogre
 12633 | D:9      | Banished a two-headed ogre
 12786 | D:9      | Found a radiant altar of Vehumet.
 12977 | D:9      | Found a hide-covered altar of Uskayaw.
 13109 | D:9      | Found a staircase to the Orcish Mines.
 13231 | D:10     | Entered Level 10 of the Dungeon
 13348 | D:10     | Noticed an unseen horror
 13360 | D:10     | Killed an unseen horror
 13647 | Lair:1   | Entered Level 1 of the Lair of Beasts
 13668 | Lair:1   | Noticed a five-headed hydra
 13677 | Lair:1   | Killed a five-headed hydra
 13702 | Lair:1   | Noticed Harold
 13728 | Lair:1   | Killed Harold
 13729 | Lair:1   | Reached XP level 12. HP: 90/91 MP: 16/18
 13841 | Lair:1   | Gained mutation: Your muscles are strong. (Str +2)
                  | [evolution]
 14089 | Lair:1   | Reached skill level 10 in Axes
 14242 | Lair:1   | Noticed an eight-headed hydra
 14251 | Lair:1   | Killed an eight-headed hydra
 15534 | Lair:2   | Found a staircase to the Shoals.
 15619 | Lair:2   | Noticed a queen ant
 15625 | Lair:2   | Killed a queen ant
 16982 | Lair:3   | Noticed Sonja
 16990 | Lair:3   | Banished Sonja
 17287 | Lair:3   | Noticed a seven-headed hydra
 17296 | Lair:3   | Killed a seven-headed hydra
 17297 | Lair:3   | Reached skill level 11 in Axes
 17297 | Lair:3   | Reached skill level 10 in Shields
 17297 | Lair:3   | Reached XP level 13. HP: 41/98 MP: 19/19
 17589 | Lair:3   | Found a staircase to the Snake Pit.
 17633 | Lair:3   | Noticed a seven-headed hydra
 17653 | Lair:3   | HP: 2/99 [seven-headed hydra (6)]
 17654 | Lair:3   | Banished a seven-headed hydra
 18170 | Lair:3   | Noticed Gastronok
 18513 | Lair:2   | Killed Gastronok
 19153 | Lair:3   | Noticed a five-headed hydra
 19171 | Lair:3   | Killed a six-headed hydra
 19676 | Lair:4   | Noticed a four-headed hydra
 19702 | Lair:3   | Killed a four-headed hydra
 19703 | Lair:3   | Reached skill level 10 in Armour
 19703 | Lair:3   | Reached skill level 10 in Invocations
 20005 | Lair:4   | Noticed an eight-headed hydra
 20021 | Lair:4   | Killed an eight-headed hydra
 20450 | Lair:3   | Reached skill level 12 in Axes
 21016 | Lair:3   | Reached skill level 10 in Evocations
 21016 | Lair:3   | Reached XP level 14. HP: 101/108 MP: 21/21
 21400 | Lair:4   | HP: 4/108 [catoblepas (5)]
 21402 | Lair:4   | HP: 1/108 [wyvern (2)]
 23382 | Lair:4   | Gained mutation: You are robust. (+10% HP) [evolution]
 23950 | Lair:5   | Found a frozen archway.
 23994 | IceCv    | Entered an ice cave
 24002 | IceCv    | HP: 3/119 [white ugly thing (4)]
 24002 | IceCv    | Slain by a white ugly thing

Illustrated notes

Levels and vault maps discovered:
D:1:      elethiomel_arrival_shortcut, layout_basic
D:2:      layout_rooms, grunt_ministairs_9, dk_vineyard_2,
          kennysheep_generic_room_3
D:3:      layout_loops_corners, tso_altar,
          nicolae_dithmenos_through_a_glass_darkly, general_overflow_altar,
          serial_bayou_ford_a
D:4:      layout_cave_pools, lemuel_round_altar, serial_shops,
          nicolae_shop_waterfront, chequers_avenue, grunt_ministairs_12
D:5:      layout_gridville, old_standard_altar, tgw_trog, fedhas_altar_4,
          basic_altar, enter_ossuary_1, minivault_24,
          nicolae_ru_sacrificial_ziggurat, uniq_grinder,
          uniq_crazy_yiuf_cottage, uniq_sigmund, uniq_duvessa
D:6:      layout_basic, elyvilon_altar_4, minmay_temple_entry_mini_moons,
          uniq_menkaure
D:7:      cheibrodos_quashed, layout_basic, serial_shops,
          nicolae_shop_statue_plus, nemelex_lonely_heart_becter, uniq_pikel
D:8:      layout_basic, xom_redecorated, basic_altar, uniq_psyche
D:9:      layout_rooms, kennysheep_little_box, dancing_weapons_uskayaw,
          kennysheep_mini, david_lair_generic, chequers_serial_rivers_small_b,
          minmay_the_grid_2x2 [minmay_the_grid_zigzag_pyramid,
          minmay_the_grid_small_cups, minmay_the_grid_stretched_grid,
          minmay_the_grid_prize_diamond_cup]
D:10:     statuecave_lemuel, layout_stronghold, serial_shops, shop
Lair:1:   layout_long_grid, minivault_27, uniq_harold
Lair:2:   layout_chaotic_city, minmay_shoals_entry_centaurs, wad_woods_antlair
Lair:3:   layout_roguey, guppyfry_snake_entry_island, serial_bayou_shore_b,
          infiniplex_staircase_pool, uniq_gastronok, uniq_sonja
Lair:4:   layout_gridlike, special_room [special_room_mythical_zoo],
          grunt_megastairs_3
Lair:5:   layout_loops_ring, portal_ice_cave_entry_imps,
          infiniplex_staircase_pool_2
IceCv:    ice_cave_statue_garden_transporter

Skill      XL: |  1  2  3  4  5  6  7  8  9 10 11 12 13 14 |
---------------+-------------------------------------------+-----
Shields        | 1 2 3 4 6 7 9 10 11 | 11.3
Evocations     | 1 2 3 4 5 6 7 8 9 10 | 10.3
Axes           | 3 4 5 6 8 9 11 12 | 12.6
Invocations    | 3 4 5 6 8 9 10 | 10.8
Armour         | 3 4 6 7 8 9 10 | 10.6
Fighting       | 4 6 7 8 9 |  9.8
Dodging        | |  0.8

Action                   |  1- 3 |  4- 6 |  7- 9 | 10-12 | 13-15 || total
-------------------------+-------+-------+-------+-------+-------++-------
Melee: Hand axe          |    84 |    30 |       |    56 |       ||   170
       Short sword       |       |   136 |    89 |   109 |       ||   334
       War axe           |       |       |   182 |    13 |       ||   195
       Kick              |       |       |    62 |   207 |       ||   269
       Battleaxe         |       |       |       |   643 |   447 ||  1090
       Morningstar       |       |       |       |    16 |    14 ||    30
       Whip              |       |       |       |    55 |   132 ||   187
Invok: Bend Space        |       |       |     1 |       |     5 ||     6
       Banish            |       |       |     1 |     3 |     9 ||    13
 Abil: Dig               |     1 |       |     6 |     2 |     3 ||    12
Evoke: Wand              |       |       |       |       |    15 ||    15
  Use: Scroll            |     4 |     5 |     1 |     4 |     3 ||    17
       Potion            |       |     5 |     5 |     2 |     5 ||    17
 Stab: Paralysed         |       |       |       |       |     3 ||     3
       Petrifying        |       |       |       |       |     2 ||     2
Armor: Ring mail         |    28 |    13 |       |       |       ||    41
       Chain mail        |       |    93 |   188 |   291 |       ||   572
       Plate armour      |       |       |       |   229 |   413 ||   642
Dodge: Dodged            |    46 |   114 |   206 |   568 |   293 ||  1227
Block: Kite shield       |       |       |       |   399 |   375 ||   774
